Map: Triton LE

Players

Mez

  • Race: Zerg Zerg
  • League: Master
  • Spawn Location: 11:00

Sprite - Winner!

  • Race: Terran Terran
  • League: Diamond
  • Spawn Location: 5:00

VOD

Have the link to the VOD?

Description

Time

  • Played on: Aug. 30, 2019, 1:37 a.m.
  • Length: 10:46
Show
View Real Time Build Order
Export as new Build Order

Mez Zerg 

Build Orders: Hatch First 

Get SALT Encoding   

  12  0:00  Drone  
  13  0:08  Drone  
  14  0:17  Overlord  
  14  0:35  Drone  
  14  0:36  Drone x2  
  17  0:49  Drone  
  18  0:56  Hatchery  
  17  1:01  Drone  
  17  1:03  Extractor  
  17  1:15  Spawning Pool  
  16  1:19  Drone  
  16  1:22  Drone  
  18  1:34  Drone  
  19  1:41  Overlord  
  19  1:55  Drone  
  20  2:06  Zergling x2  
  21  2:09  Zergling x2, Queen  
  21  2:10  Queen  
  21  2:12  Metabolic Boost  
  26  2:29  Drone  
  28  2:30  Drone x2  
  28  2:49  Drone x4  
  32  2:51  Overlord  
  32  2:59  Queen  
  34  3:06  Hatchery  
  34  3:10  Overlord  
  34  3:11  Drone x2  
  35  3:25  Drone  
  35  3:26  Drone x7  
  43  3:53  Extractor  
  43  3:54  Extractor  
  41  3:56  Drone x8  
  41  4:02  Lair, Extractor  
  48  4:10  Overlord x2  
  48  4:26  Drone x6  
  41  4:51  Drone x6  
  32  5:01  Drone x4  
  35  5:19  Drone x10  
  45  5:42  Drone x3  
  48  5:43  Drone x4  
  48  5:44  Hatchery  
  51  5:51  Overlord x2  
  51  5:52  Drone x5  
  44  6:11  Zergling x2  
  44  6:12  Zergling x6  
  38  6:27  Queen x3  
  38  6:29  Drone x5  
  40  6:47  Drone x2  
  42  6:59  Drone  
  42  7:00  Drone x3  
  46  7:10  Drone x2  
  46  7:11  Drone x3  
  51  7:29  Baneling Nest  
  50  7:35  Drone  
  50  7:36  Drone x9  
  57  7:52  Zergling x16  
  57  7:53  Zergling x4  
  67  8:13  Centrifical Hooks  
  67  8:14  Zergling x2  
  67  8:15  Zergling x18  
  77  8:24  Zergling x10  
  82  8:39  Baneling x2  
  82  8:40  Baneling x8  
  69  8:49  Zergling x4  
  69  8:52  Overlord x3  
  69  8:53  Overlord x2  
  67  9:05  Overlord x6  
  50  9:33  Zergling x18  
  50  9:34  Zergling x2  
  59  9:55  Zergling x14  
  66  10:11  Baneling  
  66  10:13  Baneling x21  
  66  10:14  Zergling x10, Baneling x11  
  66  10:15  Zergling x8  
  68  10:26  Zergling x8  
  68  10:27  Zergling x4  
Show
View Real Time Build Order
Export as new Build Order

Sprite Terran - Winner!

Build Orders: Liberator Opening 

Get SALT Encoding   

  12  0:01  SCV  
  13  0:13  SCV  
  14  0:17  Supply Depot  
  14  0:25  SCV  
  15  0:37  Refinery  
  15  0:39  SCV  
  16  0:45  Barracks  
  16  0:51  SCV  
  17  1:03  SCV  
  18  1:15  SCV  
  19  1:27  SCV  
  20  1:33  Reaper  
  20  1:39  Orbital Command  
  21  1:55  Command Center  
  21  2:06  Factory  
  21  2:10  Supply Depot  
  21  2:14  SCV  
  22  2:16  Refinery  
  22  2:17  Barracks Reactor  
  22  2:26  SCV  
  23  2:38  SCV  
  24  2:50  SCV  
  25  3:00  Barracks Tech Lab  
  25  3:01  Hellion x2  
  25  3:02  Starport  
  25  3:04  SCV  
  30  3:09  Orbital Command  
  30  3:16  SCV  
  31  3:23  Hellion x2  
  35  3:28  SCV  
  35  3:31  Supply Depot  
  35  3:32  Liberator  
  36  3:39  SCV  
  36  3:44  Hellion x2  
  43  3:55  Supply Depot  
  43  4:07  Stimpack  
  43  4:13  SCV x2, Hellion x2  
  48  4:20  Barracks  
  48  4:25  SCV x2  
  48  4:29  Marine  
  51  4:34  Hellion  
  51  4:37  SCV  
  54  4:46  Marine  
  54  4:50  Hellion  
  55  4:53  SCV x2  
  55  4:55  Hellion  
  57  5:05  Command Center, SCV x2  
  57  5:06  Marine  
  52  5:07  Supply Depot  
  52  5:08  Barracks Reactor  
  52  5:09  Starport Reactor  
  52  5:17  SCV  
  52  5:19  SCV, Widow Mine x2  
  58  5:29  SCV  
  58  5:30  Barracks  
  58  5:31  SCV  
  58  5:32  Engineering Bay  
  58  5:35  Engineering Bay  
  60  5:41  SCV  
  61  5:43  SCV  
  61  5:46  Viking  
  61  5:48  Medivac  
  61  5:49  Marine, Widow Mine  
  68  5:50  Marine, Combat Shield  
  70  5:57  Marine  
  70  5:59  Supply Depot  
  70  6:00  Supply Depot  
  71  6:07  Marine  
  71  6:08  Marine  
  71  6:09  SCV x2  
  75  6:13  Widow Mine  
  75  6:15  Marine  
  75  6:17  Widow Mine  
  80  6:21  SCV x2  
  80  6:25  Marine  
  79  6:28  SCV  
  81  6:33  SCV  
  78  6:44  Medivac x2, Widow Mine x2  
  78  6:46  Marine x3, Barracks Tech Lab  
  83  6:48  Terran Infantry Weapons Level 1  
  83  6:49  Terran Infantry Armor Level 1  
  83  6:54  Orbital Command  
  83  7:01  Supply Depot  
  83  7:02  Supply Depot  
  83  7:04  Marine x3, Refinery  
  83  7:07  Factory, Refinery  
  86  7:10  Concussive Shells  
  86  7:13  Marine  
  87  7:22  Marine x3  
  90  7:24  Widow Mine  
  90  7:27  Orbital Command  
  92  7:31  Marine  
  93  7:40  Marine x3, Barracks  
  93  7:44  Refinery  
  96  7:45  Refinery, Armory  
  96  7:49  Marine  
  97  7:54  Factory Tech Lab  
  97  7:56  Medivac  
  97  7:57  Marine x2  
  97  7:58  Marine  
  102  8:04  Supply Depot  
  102  8:07  Marine, Supply Depot  
  102  8:10  SCV x3  
  106  8:15  Marine x3  
  106  8:18  Siege Tank, Widow Mine  
  114  8:25  Marine  
  115  8:33  Marine x3  
  118  8:43  Marine  
  118  8:45  Marine, Medivac x2  
  124  8:50  Siege Tank  
  124  8:51  Marine x3  
  130  9:00  Marine  
  130  9:02  Widow Mine x2  
  135  9:03  Marine  
  135  9:09  Marine x3  
  139  9:18  Marine  
  139  9:21  Marine  
  139  9:23  Siege Tank  
  140  9:26  Marine  
  140  9:27  Marine x2  
  141  9:39  Marine x2  
  141  9:44  Supply Depot  
  141  9:46  Supply Depot  
  141  9:47  Supply Depot  
  141  9:48  Supply Depot  
  141  9:50  Supply Depot  
  141  9:54  Factory  
  141  10:06  Marine x2, Command Center, Siege Tank  
Tags
 
Add a new tag
Caveats
  • Supply blocks, unpowered buildings, or Contaminate may cause inaccurate times.
  • Supply counts are checked every 10 seconds.